 Dungeon Crawl Stone Soup version 0.19.0-19-g8c6edcc (webtiles) character file.

89514 Cokeysmoke the Bludgeoner (level 15, -7/90 HPs)
             Began as a Gargoyle Monk on Nov 15, 2016.
             Was the Champion of Hepliaklqana.
             Mangled by a harpy (15 damage)
             ... summoned by Kirke
             ... on level 4 of the Lair of Beasts.
             The game lasted 01:31:30 (19668 turns).

Cokeysmoke the Bludgeoner (Gargoyle Monk)          Turns: 19668, Time: 01:31:31

Health: -7/90      AC:  0    Str: 17    XL:     15   Next: 97%
Magic:  0/19       EV: 19    Int: 12    God:    Hepliaklqana [******]
Gold:   515        SH:  0    Dex: 15    Spells: 2 memorised, 11 levels left

rFire  . . .     SeeInvis .     (weapon currently unavailable)
rCold  . . .     Gourm    .     (armour currently unavailable)
rNeg   + . .     Faith    .     (shield currently unavailable)
rPois  ∞         Spirit   +     (helmet currently unavailable)
rElec  .         Reflect  .     (cloak currently unavailable)
rCorr  .         Harm     .     (gloves currently unavailable)
MR     +....                    (boots currently unavailable)
Stlth  ++........               A - amulet of guardian spirit
                                (ring currently unavailable)
                                (ring currently unavailable)

@: pig-form, very quick
A: reduced essence, (big wings), (beak), (horns 0), (molten scales 0), rugged
brown scales 1, (yellow scales 0), low mp 1, mutation resistance 1, negative
energy resistance 1, (electricity resistance), (unbreathing), petrification
resistance, rot immunity, AC +11
a: Recall Ancestor, Ancestor Identity, Transference, Idealise, Renounce Religion


You were on level 4 of the Lair of Beasts.
You worshipped Hepliaklqana.
Hepliaklqana was exalted by your worship.
You were hungry.
You were a filthy swine.
You visited 3 branches of the dungeon, and saw 21 of its levels.
You also visited: Sewer and Ossuary.

You collected 2343 gold pieces.
You spent 1828 gold pieces at shops.

Inventory:

Hand Weapons
 a - a +8 eveningstar of flaming (melded)
 x - the +8 whip "Snakebite" {curare, rPois}
   (You found it on level 3 of the Lair of Beasts)

   It poisons the flesh of those it strikes.
   It protects you from poison.
Missiles
 j - 2 poisoned tomahawks (quivered)
 W - 5 javelins
Armour
 n - a +9 plate armour of cold resistance (melded)
 p - a +1 cloak (melded)
 u - a +2 pair of boots of running (melded)
 v - a +2 pair of gloves of dexterity (melded)
 G - a +2 shield of protection (melded)
 K - the +1 hat of Filth (melded) {Str+9 Int+4 Slay-3}
   (You found it on level 9 of the Dungeon)

   It affects your strength (+9).
   It affects your intelligence (+4).
   It affects your accuracy and damage with ranged weapons and melee attacks
   (-3).
Rods
 m - a +0 iron rod (11/11)
   (You found it on level 14 of the Dungeon)
 t - a +1 rod of clouds (14/14)
   (You found it on level 13 of the Dungeon)
Jewellery
 q - a +3 ring of protection (melded)
 A - an amulet of guardian spirit (around neck)
 H - an uncursed ring of see invisible
 U - a +3 ring of protection (melded)
Wands
 y - a wand of iceblast (8/15)
 B - a wand of teleportation (5/9)
 O - a wand of acid (8/15)
Scrolls
 g - 4 scrolls of magic mapping
 h - 3 scrolls of teleportation
 o - 12 scrolls of remove curse
 C - 4 scrolls of identify
 E - 2 scrolls of recharging
 F - 3 scrolls of amnesia
 I - 2 scrolls of fear
 V - 2 scrolls of fog
Potions
 b - 4 potions of agility
 d - 7 potions of flight
 e - 13 potions of curing
 f - 4 potions of lignification
 i - 6 potions of heal wounds
 s - a potion of ambrosia
 z - 4 potions of cancellation
 D - 4 potions of resistance
Books
 r - a book of Spatial Translocations

   Spells                             Type                      Level
   a - Blink                          Translocation                2
   b - Shroud of Golubria             Charms/Translocation         2
   c - Lesser Beckoning               Translocation                3
   d - Portal Projectile              Translocation                3
   e - Teleport Other                 Translocation                3
   f - Passage of Golubria            Translocation                4
Miscellaneous
 w - a phantom mirror
Comestibles
 c - 9 bread rations
 k - 26 fruits
 L - 3 meat rations
 S - 8 slices of pizza


   Skills:
 + Level 12.7 Fighting
 - Level 17.2 Maces & Flails
 + Level 10.9 Armour
 - Level 7.2 Dodging
 - Level 2.1 Stealth
 + Level 10.5 Shields
 - Level 8.4 Invocations
 - Level 5.0 Evocations


You had 11 spell levels left.
You knew the following spells:

 Your Spells              Type           Power        Failure   Level  Hunger
a - Corona                Hex            #......      34%         1    ##.....
b - Blink                 Tloc           N/A          52%         2    ###....


Dungeon Overview and Level Annotations

Branches:
Dungeon (15/15)            Temple (0/1) D:7            Lair (4/6) D:9
 Shoals (0/4) Lair:2          Orc (2/2) D:11            Elf (0/3) Orc:2
 Vaults (0/5) D:13         Depths (0/5) D:15
  Snake: Lair:2-4    Spider: Lair:2-4

Altars:
Ashenzari
Cheibriados
Dithmenos
Elyvilon
Hepliaklqana
Kikubaaqudgha
Nemelex Xobeh
Qazlal
Ru
Trog
Uskayaw
Vehumet
Xom
Yredelemnul
Zin
The Shining One
Beogh

Shops:
D:5 [   D:8 [   D:14 (   Orc:1 [[?   Orc:2 *?[(

Annotations:
Lair:4 exclusion: oklob plant, Kirke


Innate Abilities, Weirdness & Mutations

You are resistant to torment.
((Your stone body is resilient. (AC +11)))
You are immune to poison.
((Your large and strong wings let you fly indefinitely.))
You resist negative energy. (rN+)
((You are resistant to electric shocks. (rElec)))
((You can survive without breathing.))
You are immune to petrification.
You are immune to rotting.
Your life essence is reduced. (-10% HP)
((You have a beak for a mouth.))
((You have a pair of horns on your head.))
((You are partially covered in molten scales. (AC +2)))
(You are partially covered in rugged brown scales. (AC +1, +3% HP))
((You are partially covered in yellow scales. (AC +2)))
Your magical capacity is low. (-10% MP)
You are somewhat resistant to further mutation.


Message History

The harpy claws you! The harpy closely misses you.
The hog bites Pubman!
Pubman is destroyed!
The harpy screeches!
The harpy closely misses you. The harpy claws you.
The harpy completely misses you. The harpy claws you.
* * * LOW HITPOINT WARNING * * *
You feel much better. The harpy claws you! The harpy claws you.
The harpy barely misses you. The harpy claws you! The harpy barely misses you.
The harpy completely misses you.
The harpy screeches!
The harpy claws you!
* * * LOW HITPOINT WARNING * * *
The harpy claws you.
* * * LOW HITPOINT WARNING * * *
Really walk into a travel-excluded area?
The harpy screeches!
The harpy closely misses you. The harpy claws you!
* * * LOW HITPOINT WARNING * * *
The harpy claws you!
You die...

.%PPP[.. .PPP..#
.....## #. #.....
... . ##.....
....
..#.....###..#
#......P#...## .
.#.P...h..#.+.#P.
......HHr........
......hh.........
.......h........<
.......{.........
).........##....#
#..#.#....# ##...
#.##..h†...# #.
....#.........


You could see an oklob plant, 2 harpies, 4 hogs and a porcupine.

Vanquished Creatures
  Gastronok (Orc:1)
  Roxanne (D:15)
  3 orc warlords
  Azrael (D:15)
  Josephine (D:11)
  Harold (D:10)
  Fannar (D:11)
  6 centaur warriors
  4 hydras
  A catoblepas (D:14)
  Erica (D:10)
  The ghost of Zorot the Cleaver, a novice HOFi of Beogh (D:8)
  The ghost of Charly the Cleaver, a novice MiBe of Trog (D:13)
  2 dancing weapons (D:13)
  3 death yaks (Lair:1)
  A deep troll earth mage (D:14)
  An ogre mage (D:15)
  3 tengu warriors
  A death knight (D:14)
  4 orc high priests
  Urug (D:10)
  The ghost of asdu the Cleaver, a novice DDGl of Makhleb (D:10)
  The ghost of Endymion the Spear-Bearer, a novice MfSk (D:7)
  4 unseen horrors
  A deep troll (D:15)
  2 phantasmal warriors (D:14)
  A wizard (D:14)
  6 hill giants
  21 ugly things (D:14)
  2 orc sorcerers (Orc:2)
  2 deep elf magi
  5 cyclopes
  3 black mambas (Lair:3)
  An elephant (D:9)
  A torpor snail (shapeshifter) (D:14)
  A spiny frog (Lair:2)
  3 gargoyles
  3 komodo dragons
  3 tengu conjurers
  4 yaktaurs (D:12)
  6 trolls
  3 meliai (D:14)
  Grinder (D:4)
  7 hippogriffs
  2 two-headed ogres
  5 blink frogs (Lair:3)
  A human (shapeshifter) (D:15)
  2 redbacks (shapeshifter)
  4 wyverns
  4 wraiths
  3 hogs (Lair:4)
  4 fire elementals (D:15)
  14 yaks
  Grum (D:8)
  A basilisk (Lair:1)
  A steam dragon (D:8)
  17 vampire mosquitoes
  Menkaure (D:7)
  A mottled dragon (D:13)
  3 wargs (Orc:2)
  9 water moccasins
  7 porcupines
  2 hell hounds (D:15)
  3 ice beasts
  38 orc warriors
  2 black bears
  2 sky beasts
  6 phantoms
  11 ogres
  4 wolves (D:8)
  7 centaurs
  2 eyes of draining
  8 crocodiles
  5 elf zombies (Ossuary)
  7 big kobolds
  15 bullfrogs
  A wyvern skeleton (D:9)
  4 scorpions
  4 wights (D:11)
  3 electric eels
  4 howler monkeys
  7 crimson imps
  A bullfrog zombie (D:7)
  9 centaur zombies
  A quasit (D:13)
  4 human zombies (Ossuary)
  26 orc priests
  7 centaur skeletons
  4 jellies
  30 orc wizards
  5 bullfrog skeletons
  2 hounds
  9 iguanas
  Jessica (D:2)
  8 worker ants
  A hound skeleton (D:4)
  4 mummies
  2 gnolls (D:9)
  20 adders
  3 river rats (Sewer)
  2 shadow imps
  2 oozes
  6 worms
  5 dart slugs
  6 leopard geckos
  98 orcs
  6 bats
  12 giant cockroaches
  6 goblins
  4 hobgoblins
  4 jackals
  29 kobolds
  2 quokkas
  7 ball pythons
  A frilled lizard (D:2)
  A giant cockroach zombie (D:5)
  A goblin zombie (D:6)
  A leopard gecko zombie (D:7)
  20 rats
686 creatures vanquished.

Vanquished Creatures (collateral kills)
  An ettin (D:15)
  A hydra (D:8)
  A centaur warrior (D:14)
  A hill giant (D:15)
  An orc sorcerer (Orc:2)
  A cyclops (D:12)
  Joseph (D:10)
  A kobold demonologist (D:15)
  A komodo dragon (Lair:2)
  A troll (Orc:1)
  2 dream sheep (D:8)
  2 wraiths
  A fire elemental (D:15)
  A steam dragon (D:8)
  2 wargs (Orc:2)
  A water moccasin (Lair:3)
  A black bear (D:9)
  2 ogres
  2 orc warriors (Orc:1)
  A centaur (D:12)
  A big kobold (D:8)
  A scorpion (D:4)
  An electric eel (D:10)
  A quasit (D:13)
  4 orc wizards
  An orc priest (D:3)
  3 worker ants
  2 gnolls (D:9)
  4 adders
  3 river rats (Sewer)
  A shadow imp (D:11)
  A worm (D:3)
  19 orcs
  A ball python (Sewer)
  2 giant cockroaches (D:2)
  A bat (D:3)
  A frilled lizard (D:3)
  A hobgoblin zombie (D:6)
  3 kobolds
  12 rats
88 creatures vanquished.

Vanquished Creatures (others)
  A wyvern (D:15)
  7 hexers
  2 orcs (D:9)
  A kobold (D:9)
  2 fungi (Orc:2)
13 creatures vanquished.

Grand Total: 787 creatures vanquished

Notes
Turn   | Place    | Note
-------+----------+-------------------------------------------
     0 | D:1      | Cokeysmoke the Gargoyle Monk began the quest for the Orb.
     0 | D:1      | Reached XP level 1. HP: 14/14 MP: 1/1
   155 | D:1      | Reached XP level 2. HP: 16/19 MP: 2/2
   548 | D:1      | Reached XP level 3. HP: 20/23 MP: 3/3
   787 | D:2      | Found a radiant altar of Vehumet.
   826 | D:2      | Reached skill level 4 in Maces & Flails
   921 | D:2      | Noticed Jessica
   935 | D:2      | Killed Jessica
   935 | D:2      | Reached XP level 4. HP: 23/29 MP: 4/4
  1057 | D:2      | Found an ancient bone altar of Kikubaaqudgha.
  1192 | D:2      | Found a hazy altar of Hepliaklqana.
  1208 | D:2      | Became a worshipper of Hepliaklqana the Forgotten
  1208 | D:2      | Reached * piety under Hepliaklqana
  1208 | D:2      | Reached ** piety under Hepliaklqana
  1209 | D:2      | Remembered your ancestor Pubman as a hexer
  1433 | D:2      | Reached XP level 5. HP: 30/30 MP: 5/5
  1539 | D:3      | Found a glowing drain.
  1558 | Sewer    | Entered a sewer
  1578 | Sewer    | Reached skill level 5 in Maces & Flails
  1583 | Sewer    | Reached skill level 1 in Armour
  1597 | Sewer    | Noticed a big kobold
  1616 | Sewer    | Killed a big kobold
  1616 | Sewer    | Reached skill level 5 in Fighting
  1616 | Sewer    | Reached XP level 6. HP: 24/36 MP: 6/6
  1986 | Sewer    | Reached skill level 6 in Maces & Flails
  1986 | Sewer    | Reached XP level 7. HP: 12/39 MP: 7/7
  2603 | D:3      | Gained mutation: Your flesh is cold resistant. (rC+) [potion of beneficial mutation]
  2793 | D:3      | Found a shattered altar of Ashenzari.
  3399 | D:4      | Noticed Grinder
  3407 | D:4      | Killed Grinder
  3407 | D:4      | Reached skill level 7 in Maces & Flails
  3407 | D:4      | Reached XP level 8. HP: 42/46 MP: 8/8
  3498 | D:4      | Gained mutation: Your muscles are strong. (Str +2) [potion of mutation]
  3498 | D:4      | Gained mutation: You have a beak for a mouth. [potion of mutation]
  3498 | D:4      | Gained mutation: You are resistant to hostile enchantments. (MR+) [potion of mutation]
  3845 | D:5      | Entered Level 5 of the Dungeon
  4011 | D:5      | Found a shadowy altar of Dithmenos.
  4045 | D:5      | Reached skill level 8 in Maces & Flails
  4133 | D:5      | Found Vennos's Armour Boutique.
  4136 | D:5      | Bought a +2 hat for 224 gold pieces
  4260 | D:5      | Reached *** piety under Hepliaklqana
  4364 | D:5      | Found a shimmering altar of Xom.
  4370 | D:5      | Found a radiant altar of Vehumet.
  4370 | D:5      | Found a sacrificial altar of Ru.
  4372 | D:5      | Found a stormy altar of Qazlal.
  4372 | D:5      | Found a shimmering altar of Xom.
  4372 | D:5      | Found a white marble altar of Elyvilon.
  4412 | D:6      | Noticed a moth of wrath
  4415 | D:6      | Found a bloodstained altar of Trog.
  4457 | D:6      | Found a hide-covered altar of Uskayaw.
  4469 | D:6      | Noticed a hand axe
  4470 | D:6      | Noticed a hand axe
  4517 | D:6      | Found a sand-covered staircase.
  4529 | Ossuary  | Entered an ossuary
  4588 | Ossuary  | Reached skill level 5 in Armour
  4588 | Ossuary  | Reached XP level 9. HP: 45/51 MP: 9/9
  4648 | Ossuary  | Reached skill level 9 in Maces & Flails
  5140 | D:6      | Found a snail-covered altar of Cheibriados.
  5338 | D:6      | Found a glowing golden altar of the Shining One.
  5442 | D:6      | Reached skill level 1 in Shields
  5621 | D:7      | Noticed Endymion's ghost (novice MfSk)
  5645 | D:7      | Killed Endymion's ghost
  5645 | D:7      | Reached skill level 10 in Maces & Flails
  5708 | D:7      | Reached XP level 10. HP: 49/57 MP: 8/10
  5827 | D:7      | Found a glowing golden altar of the Shining One.
  5958 | D:7      | Found a staircase to the Ecumenical Temple.
  5965 | D:7      | Noticed Menkaure
  5979 | D:7      | Killed Menkaure
  6003 | D:7      | Found a basalt altar of Yredelemnul.
  6016 | D:7      | Reached skill level 11 in Maces & Flails
  6090 | D:8      | Gained mutation: You have large cloven feet. [mutagenic meat]
  6092 | D:8      | Gained mutation: Your body sometimes deteriorates upon taking damage. [mutagenic meat]
  6214 | D:8      | Noticed Grum
  6267 | D:8      | Killed Grum
  6324 | D:8      | Noticed Zorot's ghost (novice HOFi)
  6342 | D:8      | Killed Zorot's ghost
  6342 | D:8      | Reached skill level 12 in Maces & Flails
  6451 | D:8      | Found a sparkling altar of Nemelex Xobeh.
  6520 | D:8      | Reached **** piety under Hepliaklqana
  6806 | D:8      | Found Pucroy Piuza's Armour Boutique.
  6943 | D:8      | Got a glittering pewter ring
  6944 | D:8      | Identified the ring of Doleuxt {*Tele +Inv} (You found it on level 8 of the Dungeon)
  6971 | D:8      | Reached skill level 13 in Maces & Flails
  6972 | D:8      | Reached XP level 11. HP: 45/61 MP: 9/11
  7019 | D:8      | Noticed a three-headed hydra
  7027 | D:8      | Killed a three-headed hydra
  7066 | D:8      | Found a bloodstained altar of Trog.
  7296 | D:9      | Found a staircase to the Lair.
  7307 | D:9      | Reached skill level 14 in Maces & Flails
  7398 | D:9      | Found a glowing silver altar of Zin.
  7586 | D:9      | Got a dazzling hat
  7597 | D:9      | Identified the +1 hat of Filth {Str+9 Int+4 Slay-3} (You found it on level 9 of the Dungeon)
  7599 | D:9      | Learned a level 1 spell: Corona
  7773 | D:9      | Noticed a cyclops
  7780 | D:9      | Killed a cyclops
  7780 | D:9      | Reached skill level 1 in Invocations
  7783 | D:9      | Got a crude glaive
  7784 | D:9      | Identified the +8 glaive "Osmyjann" {speed, Int+4 Dex+3} (You found it on level 9 of the Dungeon)
  7867 | D:10     | Entered Level 10 of the Dungeon
  7968 | D:10     | Noticed Urug
  7991 | D:10     | Killed Urug
  8002 | D:10     | Noticed Erica
  8015 | D:10     | Killed Erica
  8023 | D:10     | Noticed asdu's ghost (novice DDGl)
  8049 | D:10     | Killed asdu's ghost
  8398 | D:10     | Noticed Harold
  8408 | D:10     | Killed Harold
  8428 | D:10     | Reached ***** piety under Hepliaklqana
  8600 | D:5      | Bought a +4 chain mail of fire resistance for 441 gold pieces
  8600 | D:5      | Bought a +0 pair of gloves for 63 gold pieces
  8828 | D:10     | Noticed a hill giant
  8836 | D:10     | Killed a hill giant
  9017 | D:10     | Noticed Joseph
  9027 | D:10     | Killed Joseph
  9027 | D:10     | Reached XP level 12. HP: 63/65 MP: 15/15
  9188 | D:11     | Reached skill level 5 in Invocations
  9296 | D:11     | Gained mutation: You are partially covered in molten scales. (AC +2) [mutagenic meat]
  9298 | D:11     | Lost mutation: You have large cloven feet. [mutagenic meat]
  9300 | D:11     | Gained mutation: Your muscles are very strong. (Str +4) [mutagenic meat]
  9343 | D:11     | Found a staircase to the Orcish Mines.
  9460 | D:11     | Reached skill level 5 in Dodging
  9577 | D:11     | Noticed Fannar
  9590 | D:11     | Killed Fannar
  9590 | D:11     | Reached skill level 15 in Maces & Flails
  9714 | D:11     | Noticed Josephine
  9719 | D:11     | Killed Josephine
 10215 | D:12     | Noticed a four-headed hydra
 10225 | D:12     | Killed a four-headed hydra
 10225 | D:12     | Reached skill level 16 in Maces & Flails
 10721 | D:12     | Identified the Incunabulum of Ashen Bewitchment
 11014 | D:12     | Reached XP level 13. HP: 67/70 MP: 15/17
 11052 | D:13     | Reached skill level 17 in Maces & Flails
 11093 | D:13     | Noticed Charly's ghost (novice MiBe)
 11111 | D:13     | Killed Charly's ghost
 11128 | D:13     | Got a scorched scale mail
 11139 | D:13     | Identified the cursed +0 scale mail of the Peculiar Suns {rF- Int+9} (You found it on level 13 of the Dungeon)
 11213 | D:13     | Reached skill level 5 in Shields
 11309 | D:13     | Identified a +1 rod of clouds (14/14) (You found it on level 13 of the Dungeon)
 11358 | D:13     | Gained mutation: Your flesh is heat resistant. (rF+) [mutagenic meat]
 11359 | D:13     | Lost mutation: Your flesh is cold resistant. (rC+) [mutagenic meat]
 11484 | D:13     | Found a gate to the Vaults.
 11622 | D:13     | Found a sacrificial altar of Ru.
 11860 | D:14     | Gained mutation: You are partially covered in rugged brown scales. (AC +1, +3% HP) [mutagenic meat]
 11861 | D:14     | Gained mutation: Your magical capacity is low. (-10% MP) [mutagenic meat]
 12130 | D:14     | Gained mutation: Your large and strong wings let you fly indefinitely. [Gargoyle growth]
 12130 | D:14     | Reached XP level 14. HP: 58/79 MP: 16/16
 12408 | D:14     | Reached skill level 1 in Evocations
 12453 | D:14     | Lost mutation: Your flesh is heat resistant. (rF+) [mutagenic meat]
 12454 | D:14     | Gained mutation: You have a pair of small horns on your head. [mutagenic meat]
 12811 | D:14     | Reached skill level 10 in Fighting
 12830 | D:14     | Lost mutation: Your body sometimes deteriorates upon taking damage. [mutagenic meat]
 12831 | D:14     | Lost mutation: Your muscles are very strong. (Str +4) [mutagenic meat]
 12837 | D:14     | Gained mutation: Scrolls take you a little longer to read. [mutagenic meat]
 12838 | D:14     | Gained mutation: You have a pair of horns on your head. [mutagenic meat]
 12969 | D:14     | Found Ote Tuwn's Weapon Boutique.
 13442 | D:14     | Lost mutation: Your muscles are strong. (Str +2) [mutagenic meat]
 13443 | D:14     | Lost mutation: Scrolls take you a little longer to read. [mutagenic meat]
 13447 | D:14     | Gained mutation: You are partially covered in yellow scales. (AC +2) [mutagenic meat]
 13449 | D:14     | Gained mutation: You are somewhat resistant to further mutation. [mutagenic meat]
 13450 | D:14     | Lost mutation: You are resistant to hostile enchantments. (MR+) [mutagenic meat]
 13630 | D:15     | Entered Level 15 of the Dungeon
 13651 | D:15     | Got a dazzling hand axe
 13652 | D:15     | Identified the +6 hand axe "Neuhic" {chop, rPois} (You found it on level 15 of the Dungeon)
 13667 | D:15     | Noticed Roxanne
 13707 | D:15     | Killed Roxanne
 13707 | D:15     | Reached skill level 10 in Armour
 13707 | D:15     | Reached skill level 5 in Evocations
 13708 | D:15     | Identified Roxanne's Disquisition on Clay (You took it off Roxanne on level 15 of the Dungeon)
 13733 | D:15     | Noticed Azrael
 13747 | D:15     | Killed Azrael
 14264 | D:15     | Reached XP level 15. HP: 86/87 MP: 18/18
 14384 | D:15     | Found a staircase to the Depths.
 14765 | Orc:1    | Entered Level 1 of the Orcish Mines
 14765 | Orc:1    | Found Suarauff's Magic Scroll Shoppe.
 14765 | Orc:1    | Noticed an orc warlord
 14774 | Orc:1    | Noticed Gastronok
 14783 | Orc:1    | Killed an orc warlord
 14799 | Orc:1    | Killed Gastronok
 14940 | Orc:1    | Found Ostroteos's Armour Shoppe.
 14954 | Orc:1    | Found Budommau's Armour Shoppe.
 15344 | Orc:1    | Reached ****** piety under Hepliaklqana
 15492 | Orc:2    | Entered Level 2 of the Orcish Mines
 15617 | Orc:2    | Noticed an orc warlord
 15674 | Orc:2    | Killed an orc warlord
 15934 | Orc:2    | Noticed an orc warlord
 15955 | Orc:2    | Killed an orc warlord
 16266 | Orc:2    | Found a roughly hewn altar of Beogh.
 16299 | Orc:2    | Found Dike Zodgh's Antique Armour Emporium.
 16300 | Orc:2    | Found a roughly hewn altar of Beogh.
 16303 | Orc:2    | Found Cirompa's Antique Weapon Shoppe.
 16435 | Orc:2    | Found a roughly hewn altar of Beogh.
 16453 | Orc:2    | Found Qigodeig's Magic Scroll Shop.
 16652 | Orc:2    | Found a staircase to the Elven Halls.
 16655 | Orc:2    | Found a roughly hewn altar of Beogh.
 16681 | Orc:2    | Found Ymiulef's General Store.
 16698 | Orc:2    | Bought a scroll of brand weapon for 280 gold pieces
 16869 | Orc:2    | Found a roughly hewn altar of Beogh.
 16952 | Orc:2    | Bought a pair of glowing boots for 273 gold pieces
 16957 | Orc:2    | Identified a +2 pair of boots of running (You bought it in a shop on level 2 of the Orcish Mines)
 17030 | Orc:1    | Bought a +2 pair of gloves of dexterity for 301 gold pieces
 17062 | Orc:1    | Bought a scroll of enchant armour for 82 gold pieces
 17062 | Orc:1    | Bought a scroll of enchant armour for 82 gold pieces
 17062 | Orc:1    | Bought a scroll of enchant armour for 82 gold pieces
 17134 | Lair:1   | Entered Level 1 of the Lair of Beasts
 17754 | Lair:1   | Reached skill level 10 in Shields
 18100 | Lair:2   | Found a staircase to the Shoals.
 18881 | Lair:3   | Learned a level 2 spell: Blink
 19647 | Lair:4   | Noticed Kirke
 19668 | Lair:4   | Mangled by a harpy

Skill      XL: |  1  2  3  4  5  6  7  8  9 10 11 12 13 14 15 |
---------------+----------------------------------------------+-----
Maces & Flails | 4 5 6 7 8 10 13 14 16 17 | 17.2
Fighting       | 4 5 6 7 8 9 11 12 | 12.7
Armour         | 1 2 3 5 8 10 | 10.9
Shields        | 4 8 9 10 | 10.5
Invocations    | 4 5 6 8 |  8.4
Dodging        | 4 5 7 |  7.2
Evocations     | 5 |  5.0
Stealth        | |  2.1

Action                   |  1- 3 |  4- 6 |  7- 9 | 10-12 | 13-15 || total
-------------------------+-------+-------+-------+-------+-------++-------
Melee: Mace              |   103 |   195 |   428 |    94 |       ||   820
       Peck              |       |       |    81 |   150 |   258 ||   489
       Flail             |       |       |       |   325 |       ||   325
       Kick              |       |       |       |   142 |       ||   142
       Eveningstar       |       |       |       |   240 |  1079 ||  1319
       Headbutt          |       |       |       |       |   205 ||   205
       Unarmed           |       |       |       |       |     1 ||     1
 Fire: Blowgun           |       |       |     2 |       |       ||     2
Throw: Tomahawk          |       |     2 |       |     3 |       ||     5
Invok: Ancestor Life: He |       |     1 |       |       |       ||     1
       Ancestor Identity |       |     1 |       |       |       ||     1
       Recall Ancestor   |       |       |     2 |     2 |     5 ||     9
       Idealise          |       |       |       |       |     2 ||     2
       Transference      |       |       |       |       |     1 ||     1
Evoke: Wand              |       |       |       |     2 |     2 ||     4
       Rod               |       |       |       |       |     4 ||     4
  Use: Scroll            |     6 |       |    23 |    17 |    11 ||    57
       Potion            |       |       |     5 |     1 |     9 ||    15
 Stab: Sleeping          |     1 |       |       |       |       ||     1
       Distracted        |       |       |     4 |    10 |    14 ||    28
       Confused          |       |       |     2 |     3 |     8 ||    13
       Paralysed         |       |       |       |       |    11 ||    11
       Invisible         |       |       |       |       |     1 ||     1
  Eat: Chunk             |       |     4 |     9 |    25 |    37 ||    75
       Bread ration      |       |       |     1 |       |       ||     1
       Royal jelly       |       |       |       |       |     1 ||     1
       Meat ration       |       |       |       |       |     3 ||     3
Armor: Ring mail         |    53 |    14 |       |       |       ||    67
       Scale mail        |       |    23 |       |       |       ||    23
       Chain mail        |       |   155 |    51 |    98 |   350 ||   654
       Plate armour      |       |       |   280 |   293 |   127 ||   700
Dodge: Dodged            |    69 |   108 |   147 |   180 |   351 ||   855
Block: Buckler           |       |       |     1 |   115 |    60 ||   176
       Shield            |       |       |       |       |   433 ||   433
